Map: Terrasses de Prion

Players

pupu

  • Race: Protoss Protoss
  • League: Gold

maGs - Winner!

  • Race: Zerg Zerg
  • League: Gold

VOD

Have the link to the VOD?

Description

Time

  • Played on: April 19, 2016, 10:44 a.m.
  • Length: 12:05
Show
View Real Time Build Order
Export as new Build Order

pupu Protoss 

Build Orders:  

Get SALT Encoding   

  12  0:01  Probe (Chrono Boost)  
  13  0:11  Probe (Chrono Boost)  
  14  0:21  Pylon  
  14  0:24  Probe (Chrono Boost)  
  15  0:39  Probe (Chrono Boost)  
  15  0:40  Gateway  
  16  0:50  Probe (Chrono Boost)  
  16  0:55  Gateway  
  17  1:00  Probe (Chrono Boost)  
  18  1:08  Assimilator  
  19  1:11  Probe (Chrono Boost)  
  19  1:30  Cybernetics Core  
  19  1:33  Zealot  
  19  1:36  Probe (Chrono Boost)  
  22  1:47  Probe (Chrono Boost)  
  23  1:58  Nexus  
  23  2:07  Assimilator  
  23  2:12  Pylon  
  23  2:17  Warp Gate (Chrono Boost)  
  23  2:30  Probe, Adept  
  26  2:42  Probe  
  27  2:51  Gateway  
  27  2:54  Probe  
  27  2:56  Robotics Facility  
  28  3:07  Probe  
  28  3:09  Stalker  
  31  3:13  Probe  
  31  3:19  Probe  
  33  3:22  Pylon  
  33  3:29  Probe  
  33  3:31  Probe, Twilight Council  
  35  3:36  Adept  
  35  3:40  Probe  
  37  3:43  Probe  
  37  3:45  Observer  
  40  3:50  Probe  
  40  3:55  Probe  
  42  4:01  Probe  
  43  4:03  Pylon  
  43  4:06  Pylon  
  43  4:07  Probe  
  44  4:14  Probe  
  45  4:19  Probe, Resonating Glaives (Chrono Boost)  
  45  4:21  Warp Prism  
  48  4:24  Probe  
  49  4:31  Probe  
  49  4:34  Pylon  
  50  4:39  Gateway x2  
  50  4:41  Probe, Gateway  
  50  4:43  Probe  
  52  4:49  Assimilator  
  52  4:51  Adept x3  
  52  4:52  Pylon  
  58  5:04  Probe  
  58  5:05  Probe  
  60  5:21  Probe, Stalker x3  
  62  5:23  Probe  
  68  5:36  Gateway  
  68  5:38  Pylon  
  68  5:39  Probe  
  68  5:41  Probe, Pylon  
  70  5:45  Pylon  
  70  5:48  Pylon  
  70  5:53  Adept x2  
  70  5:54  Adept x2  
  78  6:18  Adept x2  
  78  6:19  Adept x3  
  78  6:20  Adept  
  80  6:40  Adept x3  
  80  6:41  Adept x3  
  72  7:02  Stalker x2  
  72  7:03  Stalker x4  
  78  7:26  Adept x4  
  78  7:27  Adept x2  
  80  7:46  Adept  
  80  7:47  Adept x5  
  92  8:02  Immortal  
  96  8:07  Adept x4  
  96  8:08  Adept x3  
  94  8:14  Adept x4  
  94  8:15  Adept x3  
  94  8:35  Stalker x6  
  94  8:36  Stalker  
  74  9:17  Stalker  
  74  9:18  Stalker x3  
  74  9:19  Stalker x3  
  74  9:43  Stalker x3  
  74  9:44  Stalker x2  
  82  9:53  Probe, Nexus  
  82  9:54  Probe  
  82  9:57  Assimilator  
  84  10:03  Probe  
  84  10:06  Probe  
  86  10:13  Mothership Core  
  86  10:18  Probe  
  86  10:19  Pylon  
  89  10:23  Assimilator  
  89  10:27  Pylon  
  89  10:31  Probe, Pylon  
  89  10:33  Probe  
  89  10:34  Stalker x2, Pylon  
  89  10:35  Stalker x2  
  99  10:36  Stalker  
  101  10:43  Probe  
  102  11:01  Probe  
  102  11:03  Probe  
  104  11:13  Assimilator  
  104  11:15  Probe, Pylon  
  104  11:17  Pylon  
  105  11:22  Probe x2  
  107  11:31  Zealot x3  
  107  11:32  Zealot  
  88  11:45  Stalker  
Show
View Real Time Build Order
Export as new Build Order

maGs Zerg - Winner!

Build Orders: Hatch First 

Get SALT Encoding   

  12  0:03  Drone  
  13  0:13  Drone  
  14  0:17  Overlord  
  14  0:20  Extractor  
  13  0:23  Drone  
  15  0:36  Drone x2  
  17  0:55  Hatchery  
  17  0:56  Extractor  
  15  0:59  Drone  
  16  1:11  Drone x2  
  18  1:21  Spawning Pool  
  17  1:27  Drone  
  17  1:31  Drone  
  20  1:40  Drone  
  20  1:51  Overlord  
  20  1:58  Extractor  
  19  2:09  Metabolic Boost  
  19  2:10  Queen  
  19  2:14  Zergling x2  
  19  2:15  Zergling x4  
  24  2:19  Queen  
  26  2:25  Drone  
  27  2:31  Drone  
  28  2:46  Spore Crawler  
  27  2:54  Queen  
  27  2:55  Overlord  
  29  3:00  Zergling x6  
  32  3:14  Drone x4  
  36  3:40  Hatchery  
  35  3:44  Spore Crawler  
  35  3:46  Queen  
  36  3:52  Drone x4  
  36  3:53  Drone x2  
  42  4:00  Drone x2  
  40  4:21  Extractor  
  40  4:22  Extractor, Drone x2  
  40  4:35  Roach Warren  
  40  4:36  Drone  
  40  4:37  Drone x4  
  44  4:48  Overlord x3  
  44  4:57  Drone x3  
  44  4:58  Overlord x3, Drone  
  48  5:01  Lair  
  48  5:04  Pneumatized Carapace  
  48  5:09  Drone x2  
  50  5:24  Roach x5  
  50  5:25  Roach  
  62  5:37  Roach x2  
  62  5:38  Roach x2  
  70  6:06  Drone x2  
  70  6:07  Drone x8  
  70  6:08  Drone  
  81  6:22  Roach x4  
  81  6:23  Roach  
  88  6:28  Queen  
  82  6:40  Zergling x8  
  82  6:41  Zergling x10  
  89  6:52  Drone  
  81  6:57  Drone x6  
  81  6:58  Drone x2  
  79  7:22  Overlord x3  
  77  7:23  Roach x4  
  77  7:24  Roach  
  77  7:28  Roach  
  86  7:33  Queen  
  86  7:34  Glial Reconstitution  
  77  7:49  Roach x7  
  77  7:50  Roach  
  74  8:06  Roach x2  
  74  8:07  Roach x4  
  74  8:08  Queen  
  85  8:15  Queen  
  75  8:31  Roach x6  
  81  8:37  Roach x3  
  81  8:44  Queen  
  79  8:48  Roach  
  79  8:49  Roach x2  
  77  9:01  Roach x8  
  76  9:13  Roach x3  
  80  9:29  Roach x4  
  80  9:30  Roach x2  
  92  9:42  Extractor  
  92  9:45  Zergling x4  
  92  9:46  Zergling x10  
  92  9:48  Overseer  
  98  9:54  Hatchery  
  97  10:16  Zergling x18  
  97  10:17  Zergling x6  
  109  10:26  Drone x4  
  113  10:34  Ravager  
  114  10:37  Ravager  
  114  10:39  Ravager  
  117  10:50  Zergling x10  
  121  11:09  Drone x3  
  121  11:10  Drone x3  
  127  11:14  Overlord x2  
  127  11:15  Overlord x3  
  129  11:37  Zergling x10  
  129  11:38  Zergling x6  
  116  11:47  Zergling x2  
  116  11:48  Zergling x6  
Tags
 
Add a new tag
Caveats
  • Supply blocks, unpowered buildings, or Contaminate may cause inaccurate times.
  • Supply counts are checked every 10 seconds.